[Event "Titled Tuesday Blitz February 14 Early 2023"]
[White "Sourath Biswas"]
[Black "Buchenau, Frank"]
[WhiteFideId "35091484"]
[BlackFideId "4604350"]
[WhiteElo "2281"]
[BlackElo "2222"]
[Result "1-0"]
[Round "05"]
[TimeControl "180+2"]
[Date "2023.02.15"]
[WhiteClock "0:00:47"]
[BlackClock "0:00:01"]

1. d4 e6 2. Bf4 Nf6 3. e3 d5 4. Nf3 c5 5. c3 Nc6 6. Nbd2 Bd6 7. Bg3 O-O 8. Bd3 b6 9. e4 Be7 10. e5 Nh5 11. Ng5 Bxg5 12. Qxh5 g6 13. Qe2 cxd4 14. h4 Bxd2+ 15. Qxd2 dxc3 16. bxc3 d4 17. c4 Qe7 18. Be4 Bb7 19. h5 Rab8 20. a3 Na5 21. Bh4 f6 22. Bxf6 Rxf6 23. exf6 Qxf6 24. Bxb7 Nb3 25. Qd3 Nxa1 26. Be4 Qe5 27. O-O Nb3 28. f4 Qxh5 29. Qxb3 Qe2 30. Bf3 Qd2 31. c5 Kf7 32. c6 Rc8 33. Rd1 Qxf4 34. Qa4 1-0


[Site "https://www.chess.com"]

[Event "Titled Tuesday Blitz February 14 Early 2023"]
[White "Fernandez, Michael"]
[Black "Kopczynski, Michal"]
[WhiteFideId "5803560"]
[BlackFideId "1124200"]
[WhiteElo "2181"]
[BlackElo "2225"]
[Result "1-0"]
[Round "05"]
[TimeControl "180+2"]
[Date "2023.02.15"]
[WhiteClock "0:00:11"]
[BlackClock "0:00:04"]

1. d4 Nf6 2. c4 g6 3. f3 Bg7 4. e4 d6 5. Nc3 O-O 6. Be3 e5 7. Nge2 Nc6 8. d5 Ne7 9. Qd2 Ne8 10. h4 f5 11. h5 f4 12. Bf2 g5 13. g4 fxg3 14. Nxg3 h6 15. Qd3 c5 16. Bh3 Bxh3 17. Rxh3 Qd7 18. Rh1 a6 19. O-O-O b5 20. Kb1 bxc4 21. Qxc4 Rxf3 22. Rdf1 Rb8 23. Be1 Rxf1 24. Rxf1 Nf6 25. Qxa6 Nxh5 26. Nxh5 Qh3 27. Ng3 Rd8 28. Nce2 Ng6 29. Ba5 Rd7 30. Qc8+ Kh7 31. Rf5 Ra7 32. Bb6 Rf7 33. Qe6 Rxf5 34. Qxf5 Qg2 35. a4 h5 36. Qxg5 h4 37. Qh5+ Bh6 38. Nf5 Qg5 39. Qxh6+ Qxh6 40. Nxh6 Kxh6 41. Ng1 Ne7 42. a5 Nc8 43. Bd8 Kh5 44. a6 Kg4 45. Bc7 Kg3 46. Bd8 h3 47. Nxh3 Kxh3 48. Bc7 Kg4 49. Bxd6 Kf3 50. Bxc5 Kxe4 51. d6 Nxd6 52. Bxd6 Kd5 53. a7 Kc6 54. a8=Q+ Kxd6 55. Qe4 1-0


[Site "https://www.chess.com"]

[Event "Titled Tuesday Blitz February 14 Early 2023"]
[White "Belov, Alexei"]
[Black "Gurevich, Dmitry"]
[WhiteFideId "4128206"]
[BlackFideId "2000407"]
[WhiteElo "2421"]
[BlackElo "2393"]
[Result "0-1"]
[Round "05"]
[TimeControl "180+2"]
[Date "2023.02.15"]
[WhiteClock "0:01:44"]
[BlackClock "0:02:28"]

1. e4 c5 2. Nf3 d6 3. d4 cxd4 4. Nxd4 Nf6 5. Nc3 Nc6 6. Be2 g6 7. Be3 Bg7 8. O-O O-O 9. f4 Qb6 10. Qd2 Ng4 11. Bxg4 Bxd4 12. Bxd4 Nxd4 13. Qf2 Bxg4 14. f5 Ne2+ 15. Nxe2 Bxe2 0-1


[Site "https://www.chess.com"]

[Event "Titled Tuesday Blitz February 14 Early 2023"]
[White "Vovk, Orest"]
[Black "Zacurdajev, Dmitry"]
[WhiteFideId "14113490"]
[BlackFideId "4196309"]
[WhiteElo "2315"]
[BlackElo "2273"]
[Result "1-0"]
[Round "05"]
[TimeControl "180+2"]
[Date "2023.02.15"]
[WhiteClock "0:00:42"]
[BlackClock "0:00:10"]

1. h4 d5 2. h5 h6 3. e4 dxe4 4. Nc3 Nf6 5. Qe2 Nc6 6. Nxe4 e5 7. Nf3 Be7 8. d3 Bg4 9. c3 Qd7 10. Nxf6+ Bxf6 11. Be3 O-O-O 12. Qc2 Bxf3 13. gxf3 Rhe8 14. Bh3 Re6 15. O-O-O Kb8 16. Qa4 a6 17. Qc4 Na5 18. Bxe6 fxe6 19. Qc5 b6 20. Qb4 Qd5 21. Kb1 Qxf3 22. Qe4 Qxe4 23. dxe4 Kc8 24. Rxd8+ Kxd8 25. b4 Nc4 26. Kc2 Nxe3+ 27. fxe3 Bg5 28. Kd3 Ke7 29. Rf1 Bf6 30. Ke2 Kf7 31. Rd1 Ke7 32. c4 Ke8 33. c5 Be7 34. c6 Bd6 35. a4 Ke7 36. b5 a5 37. Rg1 Kf7 38. Rf1+ Ke7 39. Kd3 Bc5 40. Rg1 Kf7 41. Ke2 Bd6 42. Rd1 Ke7 43. Kf3 Kf7 44. Rxd6 cxd6 45. c7 1-0


[Site "https://www.chess.com"]

[Event "Titled Tuesday Blitz February 14 Early 2023"]
[White "Forgacs, Attila Jr."]
[Black "Cori T., Deysi"]
[WhiteFideId "773654"]
[BlackFideId "3801934"]
[WhiteElo "2264"]
[BlackElo "2362"]
[Result "0-1"]
[Round "05"]
[TimeControl "180+2"]
[Date "2023.02.15"]
[WhiteClock "0:00:01"]
[BlackClock "0:00:53"]

1. e4 e6 2. d4 d5 3. Nc3 Nf6 4. e5 Nfd7 5. f4 c5 6. Nf3 Nc6 7. Be3 Be7 8. Qd2 O-O 9. h4 f6 10. exf6 Nxf6 11. dxc5 Ng4 12. Bg1 Qa5 13. O-O-O Bxc5 14. Bxc5 Qxc5 15. Bd3 Nb4 16. Ne5 Nf2 17. Na4 Nbxd3+ 18. Nxd3 Nxd3+ 19. Qxd3 Qb4 20. Qd4 Rxf4 21. Qxb4 Rxb4 22. Nc5 b6 23. Nd3 Rg4 24. Rd2 Ba6 25. Ne5 Re4 26. Nc6 Kf7 27. a3 Rc8 28. Nb4 Bb5 29. g3 Re3 30. Rf2+ Ke7 31. g4 a5 32. Na2 d4 33. Rd1 e5 34. Kd2 Bd7 35. g5 Rh3 36. Nc1 e4 37. Rf4 Rh2+ 38. Ne2 e3+ 39. Ke1 Rxc2 40. Nxd4 Rcg2 41. Rf1 e2 0-1


[Site "https://www.chess.com"]

[Event "Titled Tuesday Blitz February 14 Early 2023"]
[White "Gimenez Aguirre, Alejo Ismael"]
[Black "Babikov, Ivan"]
[WhiteFideId "32041667"]
[BlackFideId "4161106"]
[WhiteElo "2273"]
[BlackElo "2239"]
[Result "0-1"]
[Round "05"]
[TimeControl "180+2"]
[Date "2023.02.15"]
[WhiteClock "0:00:06"]
[BlackClock "0:00:15"]

1. e4 c5 2. Nf3 Nf6 3. Nc3 d5 4. exd5 Nxd5 5. Bb5+ Bd7 6. Bc4 Nb6 7. Be2 Nc6 8. d4 cxd4 9. Nxd4 g6 10. O-O Bg7 11. Be3 O-O 12. Bf3 Nc4 13. Nce2 Nxe3 14. fxe3 e5 15. Nxc6 Bxc6 16. Bxc6 bxc6 17. Qxd8 Rfxd8 18. Rfd1 e4 19. c3 f5 20. Nd4 Rd6 21. Nb3 Rad8 22. Rxd6 Rxd6 23. Kf1 Bh6 24. Kf2 Rd3 25. Re1 Rd5 26. Re2 Kf7 27. c4 Rd3 28. Nc5 Rd1 29. Rc2 Ke7 30. b4 Kd6 31. Nb3 Ke5 32. b5 cxb5 33. cxb5 Rd5 34. Rc7 Rxb5 35. Rxh7 Bg5 36. Rxa7 Rd5 37. Ra5 Rxa5 38. Nxa5 f4 39. exf4+ Bxf4 40. g3 Bh6 41. Nc6+ Kd6 42. Nd4 Kd5 43. Ne2 Kc4 44. Nf4 Kd4 45. Nxg6 Kd3 46. Nf4+ Bxf4 47. gxf4 Kd2 48. Kg3 e3 49. f5 e2 50. Kg4 e1=Q 51. Kg5 Qg1+ 52. Kf6 Qxh2 53. Ke7 Kd3 54. f6 Ke4 55. f7 Qe5+ 56. Kf8 Kf5 57. Kg8 Qe6 58. Kg7 Qf6+ 59. Kf8 Ke6 60. Kg8 Qxf7+ 61. Kh8 Kf6 62. a4 Qg7# 0-1


[Site "https://www.chess.com"]

[Event "Titled Tuesday Blitz February 14 Early 2023"]
[White "Berezin, Viktor"]
[Black "Iljin, Timofey"]
[WhiteFideId "14107872"]
[BlackFideId "14110180"]
[WhiteElo "2307"]
[BlackElo "2329"]
[Result "0-1"]
[Round "05"]
[TimeControl "180+2"]
[Date "2023.02.15"]
[WhiteClock "0:00:11"]
[BlackClock "0:00:07"]

1. d4 d5 2. c4 e6 3. Nf3 Nf6 4. g3 Bb4+ 5. Nbd2 dxc4 6. Bg2 O-O 7. O-O Bd7 8. Nxc4 Bc6 9. Nce5 Bd5 10. a3 Be7 11. b4 Nc6 12. Bb2 Nxe5 13. dxe5 Ne4 14. Rc1 Bc6 15. Qxd8 Rfxd8 16. Nd4 Bd5 17. Rxc7 Bg5 18. f4 Bh6 19. Rfc1 g5 20. e3 gxf4 21. exf4 Nd2 22. Bxd5 Rxd5 23. Rc8+ Rxc8 24. Rxc8+ Kg7 25. Kf2 b5 26. f5 Nc4 27. Bc3 Be3+ 28. Kf3 Bxd4 29. f6+ Kh6 30. Be1 Nxe5+ 31. Kg2 Nd3 32. Bd2+ Kg6 33. Rg8+ Kxf6 34. Bh6 Ne5 35. Bg7+ Kf5 36. h3 Ng6 37. g4+ Ke4 38. Bh6 Nf4+ 39. Kg3 Ne2+ 40. Kg2 Nf4+ 41. Kg3 Ng6 42. Bg5 Be5+ 43. Kg2 Rd3 44. h4 Rxa3 45. h5 Ra2+ 46. Kf1 Nf4 47. Rf8 Ra1+ 48. Kf2 Bd4+ 49. Kg3 Rg1+ 50. Kh2 Rg2+ 51. Kh1 Rxg4 52. Be7 Nxh5 53. Rxf7 Ng3+ 54. Kh2 Nf1+ 55. Rxf1 Rg6 56. Kh3 Kd5 57. Kh4 e5 58. Kh5 e4 59. Bg5 e3 60. Re1 Ke4 61. Rc1 Rxg5+ 62. Kxg5 e2 63. Kg4 Be3 64. Re1 Kd3 65. Kf3 Bd2 66. Rxe2 Bxb4 67. Rh2 a5 68. Rxh7 a4 69. Rb7 Kc4 70. Ke4 Bc5 71. Rb8 a3 72. Ra8 b4 73. Ke5 Kb3 74. Kd5 Be3 75. Ke4 Bd2 76. Kd3 Bc3 77. Ra7 a2 78. Ra6 a1=Q 79. Rxa1 Bxa1 0-1


[Site "https://www.chess.com"]

[Event "Titled Tuesday Blitz February 14 Early 2023"]
[White "Raahul V S"]
[Black "Tiarks, Jann-Christian"]
[WhiteFideId "25035525"]
[BlackFideId "12951595"]
[WhiteElo "2299"]
[BlackElo "2222"]
[Result "0-1"]
[Round "05"]
[TimeControl "180+2"]
[Date "2023.02.15"]
[WhiteClock "0:00:27"]
[BlackClock "0:01:34"]

1. c4 c6 2. d4 d5 3. Nf3 e6 4. g3 f5 5. Bg2 Nf6 6. O-O Bd6 7. Qc2 O-O 8. Nbd2 Bd7 9. Ne5 Be8 10. Ndf3 Bh5 11. Ng5 Qe7 12. Nh3 Nbd7 13. Nf4 Nxe5 14. dxe5 Bxe5 15. Nxh5 Nxh5 16. cxd5 cxd5 17. Qb3 Nf6 18. Bd2 Ne4 19. Be1 Rac8 20. Bxe4 fxe4 21. Bb4 Bd6 22. Bxd6 Qxd6 23. Qxb7 Rb8 24. Qxa7 Rxb2 25. Rac1 Rxe2 26. Rc7 Qe5 27. Rd7 h5 28. a4 h4 29. a5 hxg3 30. hxg3 e3 31. a6 Rfxf2 32. Rxg7+ Qxg7 33. Qb8+ Kh7 34. Rb1 Rg2+ 35. Kf1 Qf7+ 36. Qf4 Rgf2+ 0-1


[Site "https://www.chess.com"]

[Event "Titled Tuesday Blitz February 14 Early 2023"]
[White "Mouhamad, Joachim"]
[Black "Golubev, Mikhail"]
[WhiteFideId "656410"]
[BlackFideId "14100983"]
[WhiteElo "2238"]
[BlackElo "2461"]
[Result "1-0"]
[Round "05"]
[TimeControl "180+2"]
[Date "2023.02.15"]
[WhiteClock "0:00:14"]
[BlackClock "0:00:03"]

1. e4 c5 2. Nf3 d6 3. d4 Nf6 4. Nc3 cxd4 5. Nxd4 g6 6. Be3 Bg7 7. f3 O-O 8. Qd2 Nc6 9. O-O-O d5 10. exd5 Nxd5 11. Nxc6 bxc6 12. Bd4 Bxd4 13. Qxd4 Qb6 14. Na4 Qa5 15. b3 Qc7 16. Bc4 Rd8 17. Rhe1 Be6 18. Qe5 Qxe5 19. Rxe5 Nf4 20. Rxd8+ Rxd8 21. Bxe6 Nxe6 22. Ra5 Rd7 23. Nc5 Nxc5 24. Rxc5 Rd6 25. Ra5 Rd7 26. Ra6 Rc7 27. Kd2 f5 28. Kd3 Kf7 29. Kd4 Ke6 30. Kc5 Kd7 31. f4 h6 32. h4 e5 33. fxe5 Ke6 34. Rxc6+ Rxc6+ 35. Kxc6 g5 36. Kb7 f4 37. c4 g4 38. c5 f3 39. gxf3 gxf3 40. c6 f2 41. c7 f1=Q 42. c8=Q+ Kxe5 43. Qc5+ Ke4 44. Qc4+ Qxc4 45. bxc4 Kd4 46. Kxa7 Kxc4 47. Kb6 Kb4 48. Kc6 Ka3 49. Kd6 Kxa2 50. Ke6 Kb3 51. Kf6 Kc4 52. Kg6 1-0


[Site "https://www.chess.com"]

[Event "Titled Tuesday Blitz February 14 Early 2023"]
[White "Principe, Gerson"]
[Black "Wu, Sibo"]
[WhiteFideId "3804550"]
[BlackFideId "8606048"]
[WhiteElo "2226"]
[BlackElo "2082"]
[Result "1-0"]
[Round "05"]
[TimeControl "180+2"]
[Date "2023.02.15"]
[WhiteClock "0:00:05"]
[BlackClock "0:00:03"]

1. d4 d5 2. Nf3 Nf6 3. c4 c6 4. e3 a6 5. Bd3 b5 6. b3 Bg4 7. O-O Nbd7 8. Nc3 e5 9. Be2 Bxf3 10. Bxf3 e4 11. Be2 Bd6 12. f3 Qc7 13. f4 h5 14. Bd2 g5 15. c5 Be7 16. fxg5 Ng4 17. Bxg4 hxg4 18. g3 Bxg5 19. Qxg4 Rg8 20. Qe2 Rg7 21. b4 Ke7 22. a4 Rh8 23. Rf5 Bh4 24. Be1 Nf6 25. Re5+ Kd7 26. axb5 axb5 27. Nxb5 Qb8 28. Ra7+ Kd8 29. Ra5 cxb5 30. Rxb5 Qc7 31. Ra5 Kd7 32. Qb5+ Kd8 33. Ra8+ Qc8 34. Rxc8+ Kxc8 35. Qc6+ 1-0


[Site "https://www.chess.com"]

[Event "Titled Tuesday Blitz February 14 Early 2023"]
[White "Veiga, Jose Francisco R P Neves"]
[Black "Mushini Ajay"]
[WhiteFideId "1930087"]
[BlackFideId "35066188"]
[WhiteElo "2406"]
[BlackElo "2310"]
[Result "1/2-1/2"]
[Round "05"]
[TimeControl "180+2"]
[Date "2023.02.15"]
[WhiteClock "0:00:13"]
[BlackClock "0:00:15"]

1. g3 d5 2. Bg2 c6 3. c4 Nf6 4. Nf3 g6 5. O-O Bg7 6. d4 O-O 7. Ne5 e6 8. Nd2 Nbd7 9. Ndf3 Nxe5 10. Nxe5 Nd7 11. Nxd7 Qxd7 12. cxd5 exd5 13. Bf4 Re8 14. e3 Qe7 15. g4 Qh4 16. h3 h5 17. Bg3 Qg5 18. f4 Qe7 19. Bf2 hxg4 20. hxg4 Bf6 21. Qf3 Bh4 22. g5 Bxf2+ 23. Kxf2 Qb4 24. Rae1 Qxb2+ 25. Re2 Qb4 26. Rh1 Qf8 27. Rh4 Bf5 28. Re1 Qg7 29. Reh1 f6 30. Qg3 Re7 31. Qh2 fxg5 32. Rh8+ Kf7 33. Rxa8 g4 34. Qh8 Ke6 35. Qxg7 Rxg7 36. Rxa7 Kd6 37. Rb1 Bxb1 38. a4 Kc7 39. Ra8 Kb6 40. a5+ Kc7 41. a6 Kb6 42. axb7 Rxb7 43. Rg8 Bf5 44. Kg3 Ka5 45. Re8 Rb3 46. Kh4 Kb5 47. Kg5 Kc4 48. Bf1+ Kc3 49. Be2 Kd2 50. Bxg4 Rxe3 51. Rxe3 Kxe3 52. Bxf5 gxf5 53. Kxf5 Kxd4 54. Ke6 Kc3 55. f5 d4 56. f6 d3 57. f7 d2 58. f8=Q d1=Q 59. Qc5+ Kb2 60. Qxc6 Qb3+ 61. Qd5 Qxd5+ 62. Kxd5 1/2-1/2


[Site "https://www.chess.com"]

[Event "Titled Tuesday Blitz February 14 Early 2023"]
[White "Rian, Kapriaga"]
[Black "Melian, Juan Sebastian"]
[WhiteFideId "7103263"]
[BlackFideId "3706575"]
[WhiteElo "2089"]
[BlackElo "2293"]
[Result "0-1"]
[Round "05"]
[TimeControl "180+2"]
[Date "2023.02.15"]
[WhiteClock "0:00:02"]
[BlackClock "0:00:50"]

1. d4 Nf6 2. Nf3 e6 3. Bg5 Be7 4. e3 O-O 5. Nbd2 c5 6. Bd3 b6 7. O-O Bb7 8. Qe2 cxd4 9. exd4 d6 10. c3 Nbd7 11. a4 a6 12. Nc4 Re8 13. Rfe1 Qc7 14. Ne3 Bf8 15. Rec1 e5 16. dxe5 dxe5 17. Nd2 Rad8 18. Bxa6 Bxa6 19. Qxa6 Nc5 20. Qe2 Rxd2 21. Qxd2 Nfe4 22. Qe2 Nxg5 23. Rd1 Nge6 24. Nd5 Qb7 25. Qb5 Rb8 26. b4 Ne4 27. f3 Nd6 28. Qd3 Rc8 29. Kh1 Nc4 30. Ne3 Nb2 31. Qd5 Qxd5 32. Rxd5 Rxc3 33. Nf5 g6 34. Nd6 Nxa4 35. Ne4 Rc2 36. h4 Nb2 0-1


[Site "https://www.chess.com"]

[Event "Titled Tuesday Blitz February 14 Early 2023"]
[White "Lucassen, Mickey"]
[Black "Jarocka, Liwia"]
[WhiteFideId "12919110"]
[BlackFideId "21807558"]
[WhiteElo "2023"]
[BlackElo "2225"]
[Result "0-1"]
[Round "05"]
[TimeControl "180+2"]
[Date "2023.02.15"]
[WhiteClock "0:00:02"]
[BlackClock "0:00:14"]

1. d4 Nf6 2. Nc3 d5 3. Bf4 e6 4. Nb5 Na6 5. e3 c6 6. Na3 Ne4 7. Nb1 Bd6 8. Bxd6 Nxd6 9. Nd2 O-O 10. Ngf3 Qb6 11. b3 c5 12. dxc5 Nxc5 13. Be2 Nde4 14. Nxe4 Nxe4 15. Qd4 Qxd4 16. Nxd4 Bd7 17. c4 dxc4 18. Bxc4 e5 19. Nf3 Rfe8 20. Bd5 Nc5 21. O-O-O Rac8 22. Kb2 Bc6 23. Bxc6 Rxc6 24. Rd5 e4 25. Ne5 Rcc8 26. Rc1 b6 27. Ka3 f6 28. Nc4 Nd3 29. Rc2 a6 30. Rd2 Rc6 31. f3 Nc5 32. Nd6 Re6 33. fxe4 Nxe4 34. Nxe4 Rxe4 35. Rd8+ Kf7 36. R2d7+ Ke6 37. Rxg7 Kf5 38. Rd5+ Re5 39. Rxe5+ fxe5 40. Rxh7 Ke4 41. Rh5 Rg6 42. g3 Re6 43. Kb4 Kxe3 44. Kc4 e4 45. Kd5 Re8 46. Rh6 Kd3 47. Rh4 e3 48. Rd4+ Kc3 49. Rc4+ Kd2 50. Rd4+ Kc2 0-1


[Site "https://www.chess.com"]

[Event "Titled Tuesday Blitz February 14 Early 2023"]
[White "Kaidanov, Gregory"]
[Black "Mazibuko, Khanya"]
[WhiteFideId "2008564"]
[BlackFideId "14321041"]
[WhiteElo "2559"]
[BlackElo "1913"]
[Result "1-0"]
[Round "05"]
[TimeControl "180+2"]
[Date "2023.02.15"]
[WhiteClock "0:01:47"]
[BlackClock "0:01:02"]

1. Nf3 Nf6 2. g3 g6 3. Bg2 Bg7 4. O-O O-O 5. c4 c6 6. d4 d5 7. Ne5 Bf5 8. Nc3 dxc4 9. Nxc4 Be6 10. Ne5 Nbd7 11. Nd3 Nb6 12. Nc5 Bc8 13. e4 Nfd7 14. Nb3 Nf6 15. Qe2 Be6 16. Rd1 Bxb3 17. axb3 e6 18. Bf4 Nh5 19. Be3 Nf6 20. Bf4 Nh5 21. Be3 Nf6 22. Rac1 Qe7 23. Na4 Qb4 24. Nc5 Rab8 25. Bf4 Rbc8 26. Nxb7 Qxb3 27. Bd6 Rfe8 28. Bc5 Rb8 29. Nd6 Red8 30. Rc3 Qa4 31. Ra3 1-0


[Site "https://www.chess.com"]

[Event "Titled Tuesday Blitz February 14 Early 2023"]
[White "Szente Varga, Fruzsina"]
[Black "Arencibia Monduy, Antonio"]
[WhiteFideId "712264"]
[BlackFideId "3507939"]
[WhiteElo "2075"]
[BlackElo "2122"]
[Result "1-0"]
[Round "05"]
[TimeControl "180+2"]
[Date "2023.02.15"]
[WhiteClock "0:00:21"]
[BlackClock "0:00:02"]

1. e4 b6 2. d4 Bb7 3. Nc3 c5 4. Nf3 g6 5. Bc4 Bg7 6. O-O cxd4 7. Nxd4 Nc6 8. Nxc6 Bxc6 9. Re1 d6 10. Nd5 Nf6 11. Bg5 O-O 12. Nxf6+ Bxf6 13. Bxf6 exf6 14. Qd4 Re8 15. Rad1 Rc8 16. f3 Qc7 17. Bb3 Kg7 18. Qxd6 Qb7 19. Qf4 a5 20. Rd6 Qe7 21. a4 f5 22. e5 Qxd6 23. exd6 Rxe1+ 24. Kf2 Rce8 25. Qd4+ Kg8 26. Qxb6 R1e2+ 27. Kg3 Bd7 28. Qc7 Be6 29. d7 f4+ 30. Kxf4 Bxd7 31. Qxd7 R8e7 32. Qd8+ Kg7 33. Qd4+ Kg8 34. Bc4 h6 35. Bxe2 Rxe2 36. Qd3 Re6 37. c4 g5+ 38. Kg3 Kg7 39. c5 h5 40. Qc3+ Kg6 41. h4 gxh4+ 42. Kxh4 Kf5 43. c6 Kf4 44. c7 Re1 45. g3+ Kf5 46. Qxe1 1-0


[Site "https://www.chess.com"]

[Event "Titled Tuesday Blitz February 14 Early 2023"]
[White "Pinheiro, Iung Alicio de O."]
[Black "Fan_Of_Chucky"]
[WhiteFideId "2104350"]
[WhiteElo "2306"]
[BlackElo "2323"]
[Result "1-0"]
[Round "05"]
[TimeControl "180+2"]
[Date "2023.02.15"]
[WhiteClock "0:00:16"]
[BlackClock "0:00:03"]

1. c4 Nf6 2. g3 d5 3. cxd5 Nxd5 4. Bg2 g6 5. Nc3 Nb6 6. d3 Bg7 7. Be3 c6 8. Qd2 Nd5 9. Bh6 Bxh6 10. Qxh6 Nxc3 11. bxc3 Qa5 12. Qg7 Rf8 13. Nf3 Nd7 14. O-O Nf6 15. c4 Qh5 16. h3 Bxh3 17. Bxh3 Qxh3 18. Ng5 Qh5 19. Ne4 Ng4 20. Kg2 Qh2+ 21. Kf3 f5 22. Ng5 O-O-O 23. Qxh7 Ne5+ 24. Ke3 f4+ 25. Kd2 Nxc4+ 26. Kc3 Qxh7 27. Nxh7 Rh8 28. Ng5 Nd6 29. gxf4 Rhf8 30. Ne6 Nb5+ 31. Kd2 Kd7 32. Nxf8+ Rxf8 33. e3 Nd6 34. Rg1 Rf6 35. Rg5 Nf7 36. Rg3 e5 37. fxe5 Nxe5 38. f4 Nf7 39. Rag1 Nh8 40. Rh1 Nf7 41. Rh7 Ke6 42. Rg7 Nd6 43. R3xg6 Nf5 44. Rxf6+ Kxf6 45. Rxb7 Nd6 46. Rxa7 1-0


[Site "https://www.chess.com"]

[Event "Titled Tuesday Blitz February 14 Early 2023"]
[White "Filgueira, Hernan"]
[Black "Piriflillo"]
[WhiteFideId "101770"]
[WhiteElo "2283"]
[BlackElo "2337"]
[Result "0-1"]
[Round "05"]
[TimeControl "180+2"]
[Date "2023.02.15"]
[WhiteClock "0:00:24"]
[BlackClock "0:00:02"]

1. e4 e5 2. Nf3 Nc6 3. Bb5 a6 4. Ba4 Nf6 5. d3 b5 6. Bb3 Be7 7. a4 Bb7 8. Nc3 b4 9. Nd5 O-O 10. O-O Nxd5 11. Bxd5 d6 12. a5 Qd7 13. Bd2 Rab8 14. Bb3 Kh8 15. Be3 f5 16. exf5 Qxf5 17. Bd5 Nd8 18. Bxb7 Rxb7 19. d4 e4 20. Nd2 Ne6 21. f4 d5 22. Nb3 Bd6 23. g3 Rc8 24. Qe2 Rb5 25. g4 Qf6 26. f5 Ng5 27. Rae1 Nf3+ 28. Rxf3 exf3 29. Qxf3 Re8 30. Rf1 Qh4 31. Rf2 Re4 32. h3 Qe7 33. Bd2 c5 34. dxc5 Rxc5 35. Nxc5 Bxc5 36. Kg2 Bxf2 37. Kxf2 Qc5+ 38. Kg2 Qxc2 39. Qf2 Qd3 40. f6 Re2 41. f7 Rxf2+ 42. Kxf2 Qd4+ 43. Kg2 Qxd2+ 44. Kg3 Qd3+ 45. Kh4 h6 46. f8=Q+ Kh7 47. Qf2 g5+ 48. Kh5 Qg6# 0-1


[Site "https://www.chess.com"]

[Event "Titled Tuesday Blitz February 14 Early 2023"]
[White "Sovetov, Oleksandr"]
[Black "Rios Escobar, Adan"]
[WhiteFideId "34105786"]
[BlackFideId "3403645"]
[WhiteElo "1976"]
[BlackElo "2234"]
[Result "1-0"]
[Round "05"]
[TimeControl "180+2"]
[Date "2023.02.15"]
[WhiteClock "0:00:23"]
[BlackClock "0:00:02"]

1. Nf3 Nf6 2. c4 g6 3. Nc3 Bg7 4. e4 O-O 5. d4 d6 6. Be2 Na6 7. Be3 e5 8. d5 Ng4 9. Bg5 f6 10. Bd2 f5 11. Ng5 Nf6 12. O-O Nc5 13. exf5 gxf5 14. b4 Nce4 15. Ngxe4 Nxe4 16. Nxe4 fxe4 17. Bg4 Qh4 18. Bxc8 Raxc8 19. Qe2 Rf5 20. Rae1 Rh5 21. h3 a5 22. bxa5 e3 23. Bxe3 Ra8 24. Bd2 Kh8 25. Qg4 Bf6 26. Rb1 Rg8 27. Qxh4 Rxh4 28. Rfc1 Rxh3 29. Rxb7 Ra3 30. Rc2 Bd8 31. Bc1 Ra4 32. Bd2 Kg7 33. c5 Kf6 34. cxd6 cxd6 35. Rc6 Bxa5 36. Rxd6+ Kf5 37. Ra6 1-0


[Site "https://www.chess.com"]

[Event "Titled Tuesday Blitz February 14 Early 2023"]
[White "Vaglio Munoz, Jaime"]
[Black "Jeet, Jain"]
[WhiteFideId "6500145"]
[BlackFideId "5073022"]
[WhiteElo "2174"]
[BlackElo "2199"]
[Result "0-1"]
[Round "05"]
[TimeControl "180+2"]
[Date "2023.02.15"]
[WhiteClock "0:00:08"]
[BlackClock "0:00:13"]

1. d4 Nf6 2. g3 g6 3. Bg2 d5 4. b3 Bg7 5. Bb2 O-O 6. Nf3 b6 7. O-O Bb7 8. Re1 e6 9. Ne5 Nbd7 10. c4 c6 11. Nd3 Ne4 12. Nd2 f5 13. f3 Nxd2 14. Qxd2 dxc4 15. bxc4 c5 16. Nf4 Qf6 17. Rab1 cxd4 18. e3 e5 19. Nd5 Bxd5 20. cxd5 dxe3 21. Rxe3 Rfe8 22. f4 Qf7 23. d6 e4 24. Bf1 Rac8 25. Bb5 Red8 26. Ba3 Nc5 27. Rc1 Kh8 28. Bxc5 Rxc5 29. Rxc5 bxc5 30. d7 Bd4 31. Kg2 Bxe3 32. Qxe3 Qxa2+ 33. Kh3 Qd5 34. Qa3 Rxd7 35. Bxd7 Qxd7 36. Qxc5 Kg7 37. Qc3+ Kf7 38. Qh8 Ke6 39. Qg8+ Kd6 40. Qc4 Qc6 41. Qd4+ Qd5 42. Qxa7 Qc5 43. Qxh7 e3 44. Qxg6+ Kc7 45. Qe8 Qd4 46. Qe7+ Kc6 47. Qe6+ Kb7 48. Qxf5 Qd2 49. Qe4+ Kb6 50. f5 e2 51. Qe6+ Kb5 52. Qb3+ Kc5 53. Qa3+ Kd4 54. Qd6+ Kc3 55. Qc5+ Kb2 56. Qb5+ Kc1 57. Qc4+ Qc2 58. Qf4+ Kd1 59. Qf3 Kd2 60. Qf2 Kc1 61. Qe3+ Qd2 62. Qc5+ Kd1 63. f6 e1=Q 64. Qh5+ Qee2 65. Qf5 Qxh2+ 66. Kg4 Qde2+ 67. Kg5 Qhh5+ 68. Kf4 Qef3+ 69. Ke5 Qhxf5+ 70. Kd6 Qxf6+ 71. Kc5 Q3f5+ 72. Kc4 Q6g5 73. g4 Qgxg4+ 74. Kc3 Qff3+ 75. Kb2 Qgg2+ 76. Ka1 Qc3+ 77. Kb1 Qgb2# 0-1


[Site "https://www.chess.com"]

[Event "Titled Tuesday Blitz February 14 Early 2023"]
[White "Ljukin, Sergei"]
[Black "Lauridsen, Jesper Morch"]
[WhiteFideId "14102200"]
[BlackFideId "1401890"]
[WhiteElo "2362"]
[BlackElo "2309"]
[Result "1-0"]
[Round "05"]
[TimeControl "180+2"]
[Date "2023.02.15"]
[WhiteClock "0:00:06"]
[BlackClock "0:00:03"]

1. e4 c5 2. Nf3 d6 3. d4 cxd4 4. Nxd4 Nf6 5. Nc3 g6 6. Be3 Bg7 7. f3 O-O 8. Qd2 Nc6 9. O-O-O Bd7 10. Kb1 Rc8 11. g4 Qa5 12. Nb3 Qc7 13. h4 h5 14. g5 Nh7 15. Nd5 Qd8 16. f4 Bg4 17. Be2 Bxe2 18. Qxe2 e6 19. Nc3 Bxc3 20. bxc3 Na5 21. f5 exf5 22. exf5 Re8 23. Qd3 Nf8 24. Rhf1 Nc4 25. fxg6 Rxe3 26. gxf7+ Kh8 27. Qd4+ Re5 28. Rf6 Qb6 29. Rh6+ Kg7 30. Qf4 Nd7 31. f8=Q+ Rxf8 32. Qxc4 Qf2 33. Rhxd6 Nb6 34. Qd3 Ref5 35. Nd4 1-0


[Site "https://www.chess.com"]

[Event "Titled Tuesday Blitz February 14 Early 2023"]
[White "Clawitter, Craig"]
[Black "Parpiev, Isaak"]
[WhiteFideId "2023105"]
[BlackFideId "34281576"]
[WhiteElo "2050"]
[BlackElo "2167"]
[Result "0-1"]
[Round "05"]
[TimeControl "180+2"]
[Date "2023.02.15"]
[WhiteClock "0:00:04"]
[BlackClock "0:00:31"]

1. e4 c5 2. Nf3 d6 3. d4 cxd4 4. Nxd4 Nf6 5. Nc3 e5 6. Bb5+ Bd7 7. Bxd7+ Qxd7 8. Nf5 g6 9. Ne3 Bg7 10. Ned5 Nxd5 11. Nxd5 O-O 12. Bh6 Nc6 13. c3 f5 14. Bxg7 Kxg7 15. Qd3 Rf7 16. O-O f4 17. Rfd1 Rd8 18. f3 g5 19. Rd2 h5 20. Rad1 g4 21. b4 Ne7 22. Nxe7 Qxe7 23. Qe2 Qe6 24. Rd5 Rf6 25. Kh1 Rg6 26. c4 Rg8 27. Rxd6 Qxd6 28. Rxd6 Rxd6 29. fxg4 Rgd8 30. h3 Rd2 0-1


[Site "https://www.chess.com"]

[Event "Titled Tuesday Blitz February 14 Early 2023"]
[White "Smietanska, Wiktoria"]
[Black "AidenRchess"]
[WhiteFideId "21869359"]
[WhiteElo "1936"]
[BlackElo "2517"]
[Result "0-1"]
[Round "05"]
[TimeControl "180+2"]
[Date "2023.02.15"]
[WhiteClock "0:00:02"]
[BlackClock "0:00:29"]

1. c4 Nf6 2. Nc3 d5 3. cxd5 Nxd5 4. g3 c5 5. Bg2 Nc7 6. Nf3 Nc6 7. d3 g6 8. Be3 Ne6 9. O-O Bg7 10. Nd2 Ncd4 11. Nb3 O-O 12. Rc1 Rb8 13. Nd5 b6 14. Nxd4 cxd4 15. Bd2 Bb7 16. Nf4 Nxf4 17. Bxf4 Bxg2 18. Kxg2 e5 19. Bd2 Qd5+ 20. Kg1 Qxa2 21. Ra1 Qxb2 22. Rxa7 Ra8 23. Qa1 Qxa1 24. Rfxa1 Rxa7 25. Rxa7 Rb8 26. Bb4 f6 27. Kf1 Rc8 28. Rb7 Rc1+ 29. Kg2 Rb1 30. Rxb6 Bf8 31. Ba5 Rxb6 32. Bxb6 Kf7 33. Kf3 Bd6 34. Ba5 f5 35. e3 dxe3 36. fxe3 g5 37. Bd8 g4+ 38. Ke2 h5 39. Bh4 Bc7 40. Bg5 Ke6 41. d4 exd4 42. exd4 Kd5 43. Kd3 Bd6 44. Be3 Be7 45. Bf2 Bg5 46. Be3 Bf6 47. Bf2 Be7 48. Be3 Bb4 49. Bf2 Ba5 50. Be3 Be1 51. Ke2 Bb4 52. Kd3 Bf8 53. Bf2 Bg7 54. Be3 Bf6 55. Kc3 h4 56. Bf2 h3 57. Kd3 Bg5 58. Be3 Be7 59. Bf2 Bd6 60. Bg1 f4 61. gxf4 Bxf4 0-1


[Site "https://www.chess.com"]